 Dungeon Crawl Stone Soup version 0.32-a0-450-g080537f31e (webtiles) character file.

Game seed: 16957602101752819998

14904 dialectric the Fighter (level 12, -3/150 HPs)
             Began as a Coglin Berserker on Feb 24, 2024.
             Was an Elder of Trog.
             Slain by a 12-headed hydra (8 damage)
             ... on level 12 of the Dungeon.
             The game lasted 00:16:25 (10991 turns).

dialectric the Fighter (Coglin Berserker)          Turns: 10991, Time: 00:16:26

Health: -3/150     AC: 14    Str: 34    XL:     12   Next: 21%
Magic:  0/4        EV: 14    Int:  4    God:    Trog [****..]
Gold:   1655       SH:  0    Dex: 16    Spells: 11/11 levels left

rFire   + . .        s - +5 broad axe (antimagic) {Agathoclea}
rCold   + . .        r - +6 broad axe of Huafev {drain, Str+5}
rNeg    . . .        M - +4 ring mail {rPois}
rPois   +            (no helmet)
rElec   +            R - scarf {rC+ rF+}
rCorr   +            Q - +0 pair of gloves
SInv    .            E - +0 pair of boots
Will    .....        d - amulet of Tojism {Spirit rElec} Stlth
                     k - ring of poison resistance
HPRegen 0.45/turn    C - ring of resist corrosion
MPRegen 0.09/turn

%: guardian spirit
@: berserking, immotile, revved, very quick
A: off-hand wielding, slow wielding, warmup strikes, legs shutdown, agile 1,
strong 2
a: Renounce Religion, Berserk, Trog's Hand, Brothers in Arms


You were on level 12 of the Dungeon.
You worshipped Trog.
Trog was greatly pleased with you.
You visited 2 branches of the dungeon, and saw 13 of its levels.
You also visited: Bailey and Ice Cave.

You collected 1687 gold pieces.
You spent 32 gold pieces at shops.

Inventory:

Hand Weapons
 r - the +6 broad axe of Huafev (offhand) {drain, Str+5}
   (You acquired it in a bailey)

   Str+5:     It affects your strength (+5).
 s - a +5 antimagic broad axe (weapon) {Agathoclea}
 I - a +3 dagger of protection
 L - a +6 hand axe {Waqi}
Missiles
 t - 14 poisoned darts (quivered)
 w - 3 throwing nets
Armour
 E - a +0 pair of boots (worn)
 F - a +0 cloak
 J - a +0 plate armour
 M - a +4 ring mail of poison resistance (worn)
 Q - a +0 pair of gloves (worn)
 R - a scarf of resistance (worn)
Jewellery
 c - an amulet of the acrobat
 d - the amulet of Tojism (around neck) {Spirit rElec}
   (You took it off a gnoll on level 4 of the Dungeon)

   [amulet of guardian spirit]

   Spirit:    It causes incoming damage to be divided between your reserves of
   health and magic.
   rElec:     It insulates you from electricity.
 k - a ring of poison resistance (left grasper)
 m - a ring of willpower
 C - a ring of resist corrosion (right grasper)
Wands
 a - a wand of acid (1)
 n - a wand of mindburst (9)
 p - a wand of charming (13)
 K - a wand of roots (15)
 O - a wand of polymorph (4)
Scrolls
 b - 2 scrolls of brand weapon {unknown}
 e - a scroll of enchant weapon {unknown}
 f - a scroll of identify
 g - 2 scrolls of noise {unknown}
 h - 5 scrolls of teleportation
 i - 5 scrolls of immolation {unknown}
 j - 2 scrolls of fog {unknown}
 u - 2 scrolls of fear
 y - a scroll of blinking {unknown}
 B - 2 scrolls of vulnerability
 H - a scroll of revelation
 N - 2 scrolls of enchant armour {unknown}
Potions
 l - a potion of resistance {unknown}
 o - 5 potions of haste
 q - a potion of attraction
 v - 6 potions of curing
 x - 2 potions of ambrosia
 z - 4 potions of mutation
 A - 4 potions of heal wounds
 D - 4 potions of might
 G - 3 potions of invisibility
 P - a potion of berserk rage {unknown}
 S - a potion of brilliance {unknown}


   Skills:
 + Level 11.1 Fighting
 + Level 11.0 Axes
 + Level 9.9 Armour
 + Level 6.7 Dodging


You had 11 spell levels left.
You didn't know any spells.
Your spell library was empty.

Dungeon Overview and Level Annotations

Branches:
Dungeon (12/15)            Temple (0/1) D:7             Orc (1/2) D:11
 Bailey (visited)           IceCv (visited)
   Lair: D:8-11

Altars:
Ashenzari
Dithmenos
Elyvilon
Fedhas
Kikubaaqudgha
Nemelex Xobeh
Okawaru
Qazlal
Trog
Uskayaw
Vehumet
Wu Jian
Yredelemnul
Zin
The Shining One

Shops:
D:6 :   D:9 *   D:11 *

Annotations:
D:5 2 runed translucent doors, Sobieck's ghost, novice CoBr
D:9 3 runed translucent doors, superpeng's ghost, novice DrFE


Innate Abilities, Weirdness & Mutations

You can wield a second weapon in your off-hand.
It takes a long time for you to wield or remove held weapons.
Your first few attacks do less damage.
Attacking and casting redirects power from your legs.
You are agile. (Dex +4, Str/Int -1)
Your muscles are very strong. (Str +8, Int/Dex -2)


Message History

You slice the ten-headed hydra with the +6 broad axe of Huafev!!
The ten-headed hydra is moderately wounded.
You slash the orc warrior with the +6 broad axe of Huafev!
You feel the power of Trog in you as your rage grows.
You kill the orc warrior!
Trog accepts your kill.
You chop one of the ten-headed hydra's heads off!
The nine-headed hydra grows two more!
You slash the 11-headed hydra with your +5 antimagic broad axe!
The 11-headed hydra closely misses you. The 11-headed hydra bites you.
The 11-headed hydra bites you but does no damage.
The 11-headed hydra bites you!
* * * LOW HITPOINT WARNING * * *
The 11-headed hydra barely misses you. The 11-headed hydra bites you.
* * * LOW HITPOINT WARNING * * *
The 11-headed hydra bites you.
* * * LOW HITPOINT WARNING * * *
The 11-headed hydra closely misses you. The 11-headed hydra bites you!
* * * LOW HITPOINT WARNING * * *
The 11-headed hydra bites you.
* * * LOW HITPOINT WARNING * * *
The 11-headed hydra bites you but does no damage.
You hack one of the 11-headed hydra's heads off!
The ten-headed hydra grows two more!
You slash the 12-headed hydra with the +6 broad axe of Huafev!
You drain the 12-headed hydra.
The 12-headed hydra is heavily wounded.
You barely miss the 12-headed hydra with your +5 antimagic broad axe.
The 12-headed hydra bites you.
* * * LOW HITPOINT WARNING * * *
The 12-headed hydra bites you.
* * * LOW HITPOINT WARNING * * *
The 12-headed hydra barely misses you.
The 12-headed hydra bites you but does no damage.
The 12-headed hydra misses you. The 12-headed hydra bites you.
* * * LOW HITPOINT WARNING * * *
The 12-headed hydra closely misses you.
The 12-headed hydra bites you but does no damage.
The 12-headed hydra bites you!
You die...

.......# .......#
......# . #....# ⌠P
#....###### Z.
#.........# .#
#.........# ..# ..
#........)#...#
...#....#...@D...#
...#....#....)...#
........#...........
........#.........#.
........######....#
........#....#....#
...#.........#....#
...#.........#.....
.. #.........#


You could see a 12-headed hydra (drained) and a hell rat simulacrum.

Vanquished Creatures
  An orc warlord (Bailey)
  Erolcha (D:9)
  A hydra (D:10)
  5 two-headed ogres
  An orc knight (Bailey)
  An ugly thing (IceCv)
  A manticore (D:11)
  A gargoyle (D:10)
  Jeremiah (D:7)
  3 trolls
  A hornet (D:8)
  A wraith (D:10)
  A shadow (D:11)
  Eustachio (D:4)
  6 wyverns
  3 yaks (D:10)
  A warg (D:11)
  Menkaure (D:6)
  A death yak simulacrum (IceCv)
  A basilisk (D:10)
  An acid dragon (D:10)
  4 water moccasins
  An ice beast (D:6)
  3 sky beasts
  13 orc warriors
  2 black bears
  A centaur (D:10)
  2 phantoms
  A kobold brigand (D:6)
  A two-headed ogre simulacrum (D:11)
  3 bullfrogs
  2 gnoll sergeants
  2 cane toad simulacra (IceCv)
  11 wights
  3 killer bees (D:7)
  3 howler monkeys
  An electric eel (D:7)
  A lava snake (D:7)
  A bombardier beetle (D:7)
  2 quasits
  A centaur zombie (D:3)
  3 hounds
  A jelly (D:5)
  A gnoll bouda (D:4)
  8 orc priests
  A sleepcap (D:8)
  Crazy Yiuf (D:4)
  Jessica (D:2)
  Ijyb (D:5)
  5 orc wizards
  Natasha (D:2)
  A polar bear simulacrum (IceCv)
  A troll simulacrum (D:11)
  A scorpion zombie (D:3)
  A wolf simulacrum (IceCv)
  A spriggan simulacrum (D:11)
  6 adders
  16 gnolls
  A naga simulacrum (D:11)
  3 shadow imps
  4 white imps
  2 ufetubi (D:7)
  An adder zombie (D:3)
  2 dart slugs
  3 ribbon worms (D:3)
  31 orcs
  6 endoplasms
  2 giant cockroaches
  15 goblins
  12 hobgoblins
  3 jackals (D:1)
  22 kobolds
  4 quokkas (D:1)
  7 ball pythons
  A ball python zombie (D:3)
  8 bats
  6 rats
275 creatures vanquished.

Vanquished Creatures (collateral kills)
  An orc (D:8)
1 creature vanquished.

Vanquished Creatures (others)
  An ogre (Orc:1)
1 creature vanquished.

Grand Total: 277 creatures vanquished

Notes
Turn   | Place    | Note
-------+----------+-------------------------------------------
     0 | D:1      | dialectric the Coglin Berserker began the quest for the
                  | Orb.
     0 | D:1      | Reached XP level 1. HP: 18/18 MP: 1/1
   150 | D:1      | Reached XP level 2. HP: 24/24 MP: 2/2
   406 | D:1      | Reached XP level 3. HP: 29/29 MP: 3/3
   602 | D:2      | Reached ** piety under Trog
   677 | D:2      | Reached XP level 4. HP: 29/36 MP: 4/4
   838 | D:2      | Noticed Natasha
   843 | D:2      | Killed Natasha
   858 | D:2      | Noticed Jessica
   863 | D:2      | Killed Jessica
  1280 | D:2      | Reached XP level 5. HP: 38/42 MP: 5/5
  1401 | D:3      | Found an iron altar of Okawaru.
  1490 | D:3      | Reached *** piety under Trog
  1517 | D:3      | Found a basalt altar of Yredelemnul.
  1764 | D:3      | Found a stormy altar of Qazlal.
  1765 | D:3      | Found a blossoming altar of Fedhas.
  1870 | D:3      | Reached XP level 6. HP: 49/49 MP: 6/6
  2679 | D:4      | Noticed Eustachio
  2689 | D:4      | Killed Eustachio
  2690 | D:4      | Reached skill level 5 in Fighting
  2690 | D:4      | Reached skill level 5 in Axes
  2690 | D:4      | Reached XP level 7. HP: 56/56 MP: 7/7
  2768 | D:4      | Identified the amulet of Tojism {Spirit rElec}
  2996 | D:4      | Found a runed translucent door.
  2997 | D:4      | Noticed Crazy Yiuf
  3571 | D:4      | Killed Crazy Yiuf
  3572 | D:4      | Reached XP level 8. HP: 64/64 MP: 8/8
  3599 | D:5      | Entered Level 5 of the Dungeon
  4060 | D:5      | Reached skill level 5 in Armour
  4108 | D:5      | Found a large runed translucent door.
  4108 | D:5      | Found a large runed translucent door.
  4199 | D:5      | Noticed Ijyb
  4207 | D:5      | Killed Ijyb
  4455 | D:5      | Noticed Sobieck's ghost (novice CoBr)
  4512 | D:6      | Found Sihugru's Book Shop.
  4675 | D:6      | Reached **** piety under Trog
  5394 | D:6      | Found a white marble altar of Elyvilon.
  5394 | D:6      | Found a glowing silver altar of Zin.
  5394 | D:6      | Found a glowing golden altar of the Shining One.
  5436 | D:6      | Found a hide-covered altar of Uskayaw.
  5441 | D:6      | Found an ancient bone altar of Kikubaaqudgha.
  5444 | D:6      | Found a radiant altar of Vehumet.
  5444 | D:6      | Found an ornate altar of the Wu Jian Council.
  5451 | D:6      | Found a sparkling altar of Nemelex Xobeh.
  5690 | D:6      | Noticed Menkaure
  5697 | D:6      | Killed Menkaure
  5882 | D:8      | Reached XP level 9. HP: 56/72 MP: 5/9
  6527 | D:8      | Noticed a hornet
  6530 | D:8      | Paralysed by a hornet for 1 turns
  6533 | D:8      | Killed a hornet
  7112 | D:9      | Found a runed translucent gate.
  7124 | D:9      | Found Wipt's Demolitions Depot.
  7208 | D:9      | Found a flagged portal.
  7234 | Bailey   | Entered a bailey
  7267 | Bailey   | Noticed an orc warlord
  7296 | Bailey   | Acquired the +6 broad axe of Huafev {drain, Str+5}
  7367 | Bailey   | Reached XP level 10. HP: 82/82 MP: 10/10
  7412 | Bailey   | Found a runed translucent gate.
  7418 | Bailey   | Gained mutation: Your muscles are strong. (Str +4, Int/Dex
                  | -1) [potion of mutation]
  7418 | Bailey   | Gained mutation: Your muscles are very strong. (Str +8,
                  | Int/Dex -2) [potion of mutation]
  7418 | Bailey   | Gained mutation: You are agile. (Dex +4, Str/Int -1)
                  | [potion of mutation]
  7420 | Bailey   | Found a runed translucent gate.
  7423 | Bailey   | Found a runed translucent gate.
  7428 | Bailey   | Noticed an orc knight
  7434 | Bailey   | Killed an orc knight
  7516 | Bailey   | Killed an orc warlord
  7551 | Bailey   | Acquired 833 gold pieces
  7626 | D:9      | Found a bloodstained altar of Trog.
  7638 | D:9      | Found a shadowy altar of Dithmenos.
  7757 | D:9      | Noticed Erolcha
  7759 | D:9      | Found a runed translucent gate.
  7759 | D:9      | Found a runed translucent gate.
  7765 | D:9      | Killed Erolcha
  7856 | D:9      | Noticed superpeng's ghost (novice DrFE)
  8043 | D:7      | Noticed Jeremiah
  8052 | D:7      | Killed Jeremiah
  8416 | D:7      | Reached ***** piety under Trog
  8424 | D:7      | Reached XP level 11. HP: 74/90 MP: 11/11
  8548 | D:7      | Found a staircase to the Ecumenical Temple.
  8750 | D:10     | Entered Level 10 of the Dungeon
  8846 | D:10     | Noticed a two-headed ogre
  8854 | D:10     | Killed a two-headed ogre
  8855 | D:10     | Reached skill level 10 in Fighting
  8855 | D:10     | Reached skill level 5 in Dodging
  8974 | D:10     | Received a gift from Trog
  9041 | D:10     | Noticed a two-headed ogre
  9048 | D:10     | Killed a two-headed ogre
  9049 | D:10     | Reached skill level 10 in Axes
  9105 | D:10     | Noticed a six-headed hydra
  9114 | D:10     | Killed a ten-headed hydra
  9127 | D:10     | Found a broken altar of Ashenzari.
  9825 | D:11     | Noticed a two-headed ogre
  9831 | D:11     | Killed a two-headed ogre
  9937 | D:11     | Noticed a two-headed ogre
  9943 | D:11     | Killed a two-headed ogre
 10129 | D:11     | Found a frozen archway.
 10145 | IceCv    | Entered an ice cave
 10164 | IceCv    | Noticed a white ugly thing
 10172 | IceCv    | Killed a white ugly thing
 10173 | IceCv    | Reached XP level 12. HP: 77/99 MP: 4/12
 10265 | D:11     | Found a staircase to the Orcish Mines.
 10651 | D:11     | Found Hifide's Assorted Antiques.
 10659 | D:11     | Bought a ruby potion for 32 gold pieces
 10720 | Orc:1    | Entered Level 1 of the Orcish Mines
 10720 | Orc:1    | Noticed a two-headed ogre
 10734 | Orc:1    | Noticed an orc warlord
 10739 | D:11     | Killed a two-headed ogre
 10985 | D:12     | Noticed a seven-headed hydra
 10991 | D:12     | HP: 5/150 [12-headed hydra (5)]
 10991 | D:12     | Slain by a 12-headed hydra

Illustrated notes

Levels and vault maps discovered:
D:1:      amcnicky_arrival_double_pillar, layout_basic,
          chequers_serial_rivers_micro_a, minmay_pentomino_u4
D:2:      layout_basic, hex_medium, minmay_randomly_rotated_circles,
          uniq_natasha, uniq_jessica
D:3:      layout_loops_corners, nicolae_yredelemnul_corpse_copse,
          grunt_temple_overflow_forces_of_nature, okawaru_altar_gauntlet_db
D:4:      layout_loops_cross, uniq_crazy_yiuf_cottage, uniq_eustachio
D:5:      layout_loops_corners, ebering_ghost_disaster_area, uniq_ijyb
D:6:      cheibrodos_thug_alley, layout_basic, good_gods_mini_temple,
          nicolae_overflow_hallway_of_the_gods, serial_shops,
          kennysheep_mini_moat, minivault_23, minmay_misc_feat_ornament,
          uniq_menkaure
D:7:      layout_basic, minmay_temple_entry_trees, serial_demonic,
          serial_demonic_a, serial_demonic_a, serial_demonic_f,
          serial_demonic_e, nicolae_lava_and_water, grunt_ministairs_3,
          uniq_jeremiah
D:8:      layout_loops_corners
D:9:      layout_rooms, mainiacjoe_overflow_catwalk_spiral, david_lair_shrubbed,
          gammafunk_ghost_icy, enter_bailey_5, nicolae_blasting_shop,
          uniq_erolcha
D:10:     layout_cave_pools, minmay_hedge_maze, minmay_ruined_shrine
D:11:     layout_loops_ring, david_orc_3, portal_ice_cave_entry_ice_simulacra,
          serial_shops, shop, minivault_10
D:12:     layout_grid_maze, eino_house_with_fridge
Orc:1:    layout_caves, basic_altar

Skill      XL: |  1  2  3  4  5  6  7  8  9 10 11 12 |
---------------+-------------------------------------+-----
Armour         | 2 3 4 6 7 8 9 |  9.9
Dodging        | 2 4 6 |  6.7
Fighting       | 4 5 7 8 9 10 11 | 11.1
Axes           | 4 5 7 8 9 10 11 | 11.0

Action                     |  1- 3 |  4- 6 |  7- 9 | 10-12 || total
---------------------------+-------+-------+-------+-------++-------
  Melee: Hand axe          |    55 |   100 |   273 |    96 ||   524
         Whip              |    43 |       |       |       ||    43
         Dagger            |       |    94 |   191 |       ||   285
         Broad axe         |       |       |     6 |   216 ||   222
  Throw: Dart              |       |       |     3 |     5 ||     8
 Invoke: Berserk           |     2 |     3 |     9 |    11 ||    25
         Trog's Hand       |       |       |       |     1 ||     1
  Evoke: Wand              |       |       |     2 |     3 ||     5
    Use: Scroll            |       |       |     4 |    13 ||    17
         Potion            |       |       |     2 |     1 ||     3
   Stab: Sleeping          |       |     2 |       |       ||     2
 Armour: Animal skin       |    38 |    46 |       |       ||    84
         Chain mail        |       |    19 |   229 |    17 ||   265
         Skin              |       |       |     6 |       ||     6
         Ring mail         |       |       |       |   163 ||   163
  Dodge: Dodged            |    38 |    58 |   105 |   131 ||   332

Table legend: (Time is in decaauts)
 A = Elapsed time spent in this place.
 B = Non-inter-level travel time spent in this place.
 C = Inter-level travel time spent in this place.
 D = Time resting spent in this place.
 E = Time spent auto-exploring this place.
 F = Levels seen in this place.
 G = Mean time per level.
                   A        B        C        D        E       F      G
               +--------+--------+--------+--------+--------+-----+--------+
         Total |  11247 |  10938 |    309 |     35 |   8509 |  15 |  749.8 |
       Dungeon |  10775 |  10467 |    308 |     25 |   8451 |  12 |  897.9 |
  Orcish Mines |     11 |     11 |      0 |      0 |      0 |   1 |   11.0 |
        Bailey |    344 |    344 |      0 |      0 |     58 |   1 |  344.0 |
      Ice Cave |    116 |    116 |      0 |     10 |      0 |   1 |  116.0 |
               +--------+--------+--------+--------+--------+-----+--------+

Top non-repeatable levels by time:
     D:8: 1377 daAuts
     D:6: 1338 daAuts
     D:4: 1162 daAuts
     D:3: 1147 daAuts
    D:11: 1031 daAuts
    D:10: 905 daAuts
     D:5: 895 daAuts
     D:2: 814 daAuts
     D:7: 780 daAuts
     D:1: 563 daAuts
     D:9: 511 daAuts
  Bailey: 344 daAuts
    D:12: 243 daAuts
   IceCv: 116 daAuts
   Orc:1: 11 daAuts
